AoeStats
← THE TERMiNAT0RR

Black Forest

509967172Analyzed
3v3 RM · 4d ago on Sep 28, 2026· 63m 42s· 6 players
Game mode
Random Map
Map size
Normal (6 player)
Population
200
Speed
Normal
Resources
Standard
Victory
Conquest
Starting age
Dark Age
Ending age
Imperial Age
RankedLock teamsTeams togetherTeam positionsShared explorationLock speedFull tech treeHidden civsTurbo modeCheats
Victory
Defeat
🇮🇹 Franks · Italy
695
+13
🇮🇹 Britons · Italy
680
+14
🇮🇹 Saxons · Italy
671
+14
🇦🇷 Vietnamese · Argentina
678
-16
🇬🇧 Koreans · United Kingdom
621
-13
🇬🇧 Turks · United Kingdom
599
-12
OminousTomato27
14:56 Feudal Age
15:30 Horse Collar
15:41 Double-Bit Axe
23:10 Wheelbarrow
29:13 Castle Age
29:28 Gold Mining
29:30 Stone Mining
29:58 Caravan
30:22 Heavy Plow
30:48 Bow Saw
33:05 Hand Cart
33:08 Husbandry
33:18 Bloodlines
33:17 Scale Barding Armor
33:13 Padded Archer Armor
41:27 Imperial Age
40:32 Chain Barding Armor
40:22 Forging
40:14 Scale Mail Armor
40:04 Fletching
40:30 Leather Archer Armor
42:35 Bombard Tower
42:36 Ballistics
42:35 Cavalier
43:29 Town Watch
45:16 Two-Man Saw
46:28 Iron Casting
46:25 Arrowslits
46:37 Murder Holes
48:17 Gold Shaft Mining
48:02 Artillery
49:53 Plate Barding Armor
50:20 Blast Furnace
49:16 Bodkin Arrow
49:52 Ring Archer Armor
49:38 Chain Mail Armor
ageVG24
0:36 Loom
15:05 Feudal Age
15:53 Feudal Age
20:02 Castle Age
20:14 Horse Collar
20:21 Double-Bit Axe
20:31 Fletching
20:41 Padded Archer Armor
20:50 Heavy Plow
21:51 Wheelbarrow
27:08 Bodkin Arrow
29:54 Guard Tower
30:28 Bow Saw
30:46 Gold Mining
31:21 Fortified Wall
32:55 Hand Cart
33:17 Stone Mining
37:41 Thumb Ring
40:10 Imperial Age
37:26 Town Watch
38:12 Caravan
39:12 Chatras
41:58 Chemistry
41:20 Ballistics
41:12 Masonry
40:42 Treadmill Crane
40:58 Murder Holes
40:30 Elite Rattan Archer
41:32 Paper Money
42:31 Siege Engineers
43:40 Two-Man Saw
45:29 Husbandry
45:40 Bloodlines
45:34 Bracer
45:45 Forging
45:40 Scale Barding Armor
45:51 Leather Archer Armor
46:20 Hoardings
45:48 Chatras
49:26 Keep
50:26 Ring Archer Armor
50:31 Iron Casting
50:17 Chain Barding Armor
49:47 Elite Battle Elephant
THE TERMiNAT0RR
0:27 Loom
13:52 Feudal Age
15:32 Wheelbarrow
14:50 Double-Bit Axe
19:23 Castle Age
22:20 Bow Saw
23:19 Fletching
25:01 Bodkin Arrow
26:18 Hand Cart
32:20 Horse Collar
33:40 Gold Mining
33:27 Crossbowman
39:33 Imperial Age
37:41 Treadmill Crane
37:57 Murder Holes
39:53 Caravan
40:49 Pikeman
41:30 Squires
41:27 Elite Skirmisher
42:39 Conscription
43:36 Chemistry
42:53 Halberdier
43:45 Heavy Rocket Cart
44:33 Husbandry
45:40 Fortified Wall
47:19 Imperial Skirmisher
47:31 Light Cavalry
49:52 Forging
49:43 Bracer
49:50 Scale Barding Armor
49:46 Scale Mail Armor
53:26 Hussar
54:51 Conscription
55:28 Ballistics
55:05 Elite War Wagon
TotoSenpai95
0:35 Loom
13:01 Feudal Age
14:19 Wheelbarrow
13:35 Double-Bit Axe
17:26 Horse Collar
18:04 Padded Archer Armor
17:54 Fletching
18:36 Stone Mining
19:11 Gold Mining
24:12 Castle Age
25:31 Caravan
26:03 Bow Saw
30:16 Leather Archer Armor
29:57 Bodkin Arrow
31:55 Gold Shaft Mining
32:27 Heavy Plow
32:51 Hand Cart
35:45 Imperial Age
34:25 Ballistics
36:38 Elite Longbowman
38:37 Warwolf
39:39 Yeomen
39:55 Hoardings
38:51 Sappers
39:42 Conscription
43:31 Chemistry
43:06 Ring Archer Armor
42:37 Bracer
43:46 Two-Man Saw
44:45 Onager
Bud
2:01 Loom
13:53 Feudal Age
14:48 Double-Bit Axe
15:16 Arson
19:01 Forging
18:52 Scale Mail Armor
22:09 Padded Archer Armor
21:59 Fletching
22:17 Scale Barding Armor
27:58 Castle Age
26:34 Wheelbarrow
26:53 Stone Mining
28:05 Gold Mining
27:58 Horse Collar
28:50 Bow Saw
28:38 Gambesons
30:49 Thumb Ring
30:06 Crossbowman
31:40 Bodkin Arrow
32:03 Leather Archer Armor
33:52 Hand Cart
34:19 Redemption
34:51 Sanctity
34:18 Clerical Recruitment
35:20 Squires
34:41 Pikeman
36:00 Caravan
37:22 Heavy Plow
39:24 Ballistics
38:57 Heated Shot
38:49 Treadmill Crane
41:44 Imperial Age
41:39 Iron Casting
41:20 Chain Mail Armor
41:11 Scale Barding Armor
41:46 Heavy Mounted Crossbowman
43:46 Block Printing
44:01 Illumination
44:19 Theocracy
44:32 Guilds
44:53 Coinage
44:11 Town Watch
45:28 Two-Man Saw
45:02 Crop Rotation
45:15 Gold Shaft Mining
45:20 Conscription
46:07 Elite Varangian Guard
47:20 Shield Wall
49:42 Siege Engineers
50:42 Chemistry
49:55 Masonry
49:46 Murder Holes
49:20 Elite Hearth Troop
51:02 Halberdier
60:13 Ring Archer Armor
59:44 Bracer
Pullinski99
0:39 Loom
12:49 Feudal Age
15:46 Wheelbarrow
16:34 Gold Mining
19:19 Stone Mining
27:38 Castle Age
27:16 Scale Barding Armor
27:22 Forging
27:07 Double-Bit Axe
29:42 Gold Shaft Mining
29:18 Caravan
32:00 Hand Cart
31:53 Husbandry
33:33 Bow Saw
39:30 Treadmill Crane
40:01 Fortified Wall
39:46 Murder Holes
39:39 Ordonnance Companies
41:35 Chain Barding Armor
41:51 Iron Casting
44:52 Imperial Age
42:11 Town Watch
44:56 Masonry
46:38 Chemistry
46:00 Ballistics
45:56 Cavalier
46:41 Chivalry
47:01 Conscription
47:44 Town Patrol
47:09 Light Cavalry
47:10 Paladin
61:18 Plate Barding Armor
61:44 Blast Furnace
Connection lost

Rejoining the realm…

Still unreachable

The connection could not be restored.

Session expired

The server has moved on; the page needs a fresh start.